 Dungeon Crawl Stone Soup version 0.20.0-15-g7f486f2 (webtiles) character file.

354 Hook the Poker (level 6, 0/47 HPs)
             Began as a Merfolk Skald on June 20, 2017.
             Slain by Ijyb
             ... wielding a +2 dagger of electrocution
              (20 damage)
             ... on level 4 of the Dungeon.
             The game lasted 00:12:51 (3331 turns).

Hook the Poker (Merfolk Skald)                      Turns: 3331, Time: 00:12:51

Health: 0/47       AC:  5    Str: 12    XL:     6   Next: 62%
Magic:  4/9        EV: 13    Int: 13    God:
Gold:   101        SH:  0    Dex: 14    Spells: 1/9 levels left

rFire    . . .     SeeInvis .   t - +0 trident
rCold    . . .     Gourm    .   (no shield)
rNeg     . . .     Faith    .   b - +1 leather armour
rPois    .         Spirit   .   y - +0 helmet
rElec    .         Reflect  .   (no cloak)
rCorr    .         Harm     .   (no gloves)
MR       .....                  (no boots)
Stlth    +.........             k - amulet of magic regeneration
Regen    0.2/turn               i - +2 ring of slaying
MPRegen  0.2/turn               (no ring)

@: shrouded, infused (expiring), very slightly contaminated, drained
A: change form in water, swift swim, stealthy swim
a: no special abilities


You were on level 4 of the Dungeon.
You were not hungry.

You visited 1 branch of the dungeon, and saw 4 of its levels.

You collected 101 gold pieces.

Inventory:

Hand Weapons
 a - a +0 spear
 n - a +0 blowgun
 t - a +0 trident (weapon)
Missiles
 v - 9 poisoned needles
Armour
 b - a +1 leather armour (worn)
 y - a +0 helmet (worn)
Jewellery
 i - a +2 ring of slaying (left hand)
 k - an amulet of magic regeneration (around neck)
Scrolls
 e - a scroll of identify
 f - a scroll of recharging
 q - 2 scrolls of amnesia {unknown}
 r - 2 scrolls of remove curse
 s - a scroll of immolation {unknown}
 x - a scroll of magic mapping {unknown}
Potions
 g - a potion of resistance {unknown}
 h - 3 potions of haste {unknown}
 j - a potion of cancellation {unknown}
 l - 3 potions of lignification {unknown}
 m - a potion of ambrosia {unknown}
 o - 2 potions of mutation {unknown}
Books
 c - a book of Battle

   Spells                             Type                      Level
   a - Infusion                       Charms                       1
   b - Shroud of Golubria             Charms/Translocation         2
   c - Song of Slaying                Charms                       2
   d - Spectral Weapon                Hexes/Charms                 3
   e - Regeneration                   Charms/Necromancy            3
Comestibles
 d - 2 bread rations
 p - 2 fruits
 u - 2 royal jellies
 w - a meat ration
 z - 5 chunks of flesh


   Skills:
 + Level 3.4(3.1) Fighting
 + Level 5.5(5.2) Polearms
 - Level 0.6(0.3) Armour
 * Level 4.4(4.1) Dodging
 + Level 1.0(0.7) Stealth
 + Level 2.1(1.8) Spellcasting
 * Level 5.2(4.8) Charms
 * Level 0.8(0.5) Necromancy


You had one spell level left.
You knew the following spells:

 Your Spells              Type           Power        Failure   Level  Hunger
a - Infusion              Chrm           ##..         4%          1    ##.....
b - Song of Slaying       Chrm           ##......     7%          2    ###....
c - Regeneration          Chrm/Necr      #.........   32%         3    ####...
d - Shroud of Golubria    Chrm/Tloc      #.........   19%         2    ###....


Dungeon Overview and Level Annotations

Branches:
Dungeon (4/15)
 Temple: D:4-7

Altars:

Annotations:
D:4 Ijyb


Message History

Ijyb is moderately wounded.
Ijyb hits you with a dagger of electrocution.
Casting: Infusion
Confirm with . or Enter, or press ? or * to list all spells.
You miscast Shroud of Golubria.
You are very lightly contaminated with residual magic.
Your skin glows momentarily.
Your magical infusion is running out.
Ijyb hits you but does no damage.
Casting: Shroud of Golubria
Confirm with . or Enter, or press ? or * to list all spells.
Space distorts slightly along a thin shroud covering your body.
Ijyb misses you.
You hit Ijyb.
Ijyb is moderately wounded.
Ijyb barely misses you.
Your leather armour prevents you from hitting Ijyb.
Ijyb is moderately wounded.
Ijyb hits you but does no damage.
You are electrocuted!
You die...

#...#..'..+ #...#..+
#...#..#..# #...#..
#..###'#..####...#.####
#.)#...#.....#'###)#).#
#..'...#+##.....).))..#
#..##+## #'##..##'#'###
#... #..#'##..#...# #...
####..#..#..#...# #...#
+..#.@#..######'#
#...####..##g##'#..P......#
#.........................#
#.........................#
..................>....##
...$......##.#.###.###.#
..?.gZ....# ....... ..
...Z......# ....... ..%
..........# .......


You could see Ijyb and a hound skeleton (wandering).

Vanquished Creatures
  The ghost of Yermak the Poker, an amateur BaCK of Xom (D:3)
  Robin (D:4)
  2 gnolls
  8 adders
  An ooze (D:2)
  2 worms
  2 dart slugs (D:1)
  3 leopard geckos
  11 orcs
  6 giant cockroaches
  12 goblins
  17 hobgoblins
  6 jackals
  A ball python (D:3)
  7 bats
  5 frilled lizards
  12 kobolds
  10 rats
107 creatures vanquished.

Notes
Turn   | Place    | Note
-------+----------+-------------------------------------------
     0 | D:1      | Hook the Merfolk Skald began the quest for the Orb.
     0 | D:1      | Reached XP level 1. HP: 16/16 MP: 3/3
   235 | D:1      | Reached XP level 2. HP: 23/23 MP: 1/5
   455 | D:1      | Reached XP level 3. HP: 28/28 MP: 1/6
   767 | D:1      | Learned a level 2 spell: Song of Slaying
  1276 | D:2      | Reached XP level 4. HP: 35/35 MP: 0/7
  1708 | D:2      | Learned a level 3 spell: Regeneration
  2034 | D:3      | Noticed Yermak's ghost (amateur BaCK)
  2051 | D:3      | Killed Yermak's ghost
  2051 | D:3      | Reached skill level 5 in Polearms
  2051 | D:3      | Reached skill level 1 in Stealth
  2051 | D:3      | Reached XP level 5. HP: 29/41 MP: 1/8
  2051 | D:3      | Reached XP level 6. HP: 33/47 MP: 1/9
  2160 | D:3      | Reached skill level 5 in Charms
  2768 | D:4      | Learned a level 2 spell: Shroud of Golubria
  3198 | D:4      | Noticed Robin
  3240 | D:4      | Killed Robin
  3306 | D:4      | Noticed Ijyb
  3331 | D:4      | Slain by Ijyb

Skill      XL: |  1  2  3  4  5  6 |
---------------+-------------------+-----
Dodging        | 3 4 |  4.4
Fighting       | 3 |  3.4
Charms         | 4 5 |  5.2
Polearms       | 5 |  5.5
Stealth        | 1 |  1.0
Armour         | |  0.6
Spellcasting   | |  2.1
Necromancy     | |  0.8

Action                   |  1- 3 |  4- 6 || total
-------------------------+-------+-------++-------
Melee: Spear             |   115 |   102 ||   217
       Trident           |       |   106 ||   106
 Cast: Infusion          |    23 |    22 ||    45
       Song of Slaying   |       |     7 ||     7
       Shroud of Golubri |       |     1 ||     1
  Use: Scroll            |     2 |     2 ||     4
       Potion            |       |     4 ||     4
 Stab: Distracted        |       |     2 ||     2
       Sleeping          |       |     2 ||     2
  Eat: Chunk             |     2 |     5 ||     7
       Royal jelly       |       |     1 ||     1
       Fruit             |       |     1 ||     1
Armor: Leather armour    |    21 |    49 ||    70
Dodge: Dodged            |    45 |   101 ||   146
